 Dungeon Crawl Stone Soup version 0.29.0-3-gbb0933ed62 (webtiles) character file.

Game seed: 9623629667524323150

90 thebattery the Slasher (level 4, 0/41 HPs)
             Began as a Minotaur Berserker on Aug 25, 2022.
             Was a Believer of Trog.
             Slain by Sigmund
             ... wielding a +0 scythe
              (4 damage)
             ... on level 3 of the Dungeon.
             The game lasted 00:17:44 (2025 turns).

thebattery the Slasher (Minotaur Berserker)         Turns: 2025, Time: 00:17:44

Health: 0/41       AC: 10    Str: 24    XL:     4   Next: 32%
Magic:  3/3        EV:  8    Int:  4    God:    Trog [**....]
Gold:   31         SH:  0    Dex:  9    Spells: 3/3 levels left

rFire   . . .      SeeInvis .   m - +0 eveningstar
rCold   . . .      Faith    .   (no shield)
rNeg    . . .      Spirit   .   b - +0 chain mail
rPois   .          Reflect  .   (helmet restricted)
rElec   .          Harm     .   (no cloak)
rCorr   .          Rampage  .   e - +0 pair of gloves
Will    .....                   (no boots)
Stlth   ..........              (no amulet)
HPRegen 0.13/turn               (no ring)
MPRegen 0.08/turn               (no ring)

@: studying Maces & Flails
A: horns 2, retaliatory headbutt
a: Renounce Religion, Berserk, Trog's Hand


You were on level 3 of the Dungeon.
You worshipped Trog.
Trog was pleased with you.
You visited 1 branch of the dungeon, and saw 3 of its levels.

You collected 83 gold pieces.
You spent 52 gold pieces at shops.

Inventory:

Hand Weapons
 l - a +0 hand axe
 m - a +0 eveningstar (weapon)
Armour
 b - a +0 chain mail (worn)
 e - a +0 pair of gloves (worn)
Jewellery
 j - a ring of wizardry
Wands
 k - a wand of charming (11)
Scrolls
 a - a scroll of enchant weapon {unknown}
 f - a scroll of silence {unknown}
 h - a scroll of vulnerability {unknown}
Potions
 c - a potion of degeneration {unknown}
 d - a potion of magic {unknown}
 g - a potion of lignification {unknown}
 n - a potion of invisibility {unknown}
 o - a potion of haste {unknown}


   Skills:
 + Level 4.6 Fighting
 + Level 4.7 Long Blades
 + Level 0.2(1.1) Axes
 + Level 1.9 Maces & Flails
 + Level 2.8 Armour
 + Level 2.6 Dodging


You had 3 spell levels left.
You didn't know any spells.
Your spell library contained the following spells:

 Spells                   Type           Power      Damage    Failure   Level
 Blink                    Tloc           0%         N/A       100%        2
 Lesser Beckoning         Tloc           0%         N/A       100%        3
 Manifold Assault         Tloc           0%         N/A       100%        5


Dungeon Overview and Level Annotations

Branches:
Dungeon (3/15)

Altars:
Cheibriados
Dithmenos

Shops:
D:3 *

Annotations:
D:3 Sigmund


Innate Abilities, Weirdness & Mutations

You have a pair of horns on your head.
You reflexively headbutt those who attack you in melee.


Message History

The goblin shouts!
Found a scroll labelled XOTIUL OGAFE.
The goblin hits you but does no damage.
You puncture the goblin!
You kill the goblin!
Trog accepts your kill.
Sigmund the Dreaded comes into view.
He is wielding a +0 scythe.
Sigmund shouts!
Sigmund says, "You will soon forget everything."
You see here a lumpy dark potion.
Sigmund casts a spell.
Sigmund flickers and vanishes!
Deactivating autopickup; reactivate with Ctrl-A.
Something tries to affect you, but you resist.
An adder comes into view.
The adder hisses angrily.
Something hits you! Something hits you.
You see here a scroll labelled XOTIUL OGAFE.
You closely miss something. Something hits you.
The adder bites you but does no damage.
You miss something. Something hits you.
The adder bites you but does no damage. x2
You bludgeon something!! Your headbutt misses something.
Something hits you but does no damage. The adder barely misses you. x2
You hit something but do no damage. Something hits you.
The adder barely misses you.
You barely miss something. The adder bites you but does no damage.
Something hits you!
* * * LOW HITPOINT WARNING * * *
The adder bites you but does no damage. The adder attacks as you move away!
The adder bites you but does no damage. Something hits you but does no damage.
The adder bites you.
* * * LOW HITPOINT WARNING * * *
You impale the adder!!
You kill the adder!
Trog accepts your kill.
A magic dart appears from out of thin air!
The magic dart hits you.
* * * LOW HITPOINT WARNING * * *
Something hits you.
You die...

######
......############# ###
..................####..
#@..........##....
#..............#.§
#.......>).....###
#.†....!.....### #
#............# #
#..?........######
#...........#.....
..........###...##..
......................


There were no monsters in sight!

Vanquished Creatures
  4 adders
  A worm (D:3)
  2 dart slugs (D:1)
  A ball python (D:2)
  2 bats (D:1)
  3 endoplasms
  2 giant cockroaches
  7 goblins
  5 hobgoblins
  2 jackals (D:1)
  5 kobolds
  A quokka (D:1)
  5 frilled lizards
  6 rats
46 creatures vanquished.

Vanquished Creatures (others)
  A fungus (D:1)
  4 plants (D:1)
5 creatures vanquished.

Grand Total: 51 creatures vanquished

Notes
Turn   | Place    | Note
-------+----------+-------------------------------------------
     0 | D:1      | thebattery the Minotaur Berserker began the quest for the
                  | Orb.
     0 | D:1      | Reached XP level 1. HP: 19/19 MP: 0/0
   173 | D:1      | Reached XP level 2. HP: 26/27 MP: 1/1
   492 | D:1      | Found a faded altar of an unknown god.
   542 | D:1      | Reached XP level 3. HP: 33/34 MP: 2/2
   624 | D:1      | Reached ** piety under Trog
  1829 | D:3      | Reached skill level 1 in Maces & Flails
  1829 | D:3      | Reached XP level 4. HP: 36/41 MP: 3/3
  1845 | D:3      | Found Zucoumov's Assorted Antiques.
  1902 | D:3      | Bought a leather armour for 52 gold pieces
  1934 | D:3      | Found a snail-covered altar of Cheibriados.
  1986 | D:3      | Found a shadowy altar of Dithmenos.
  2006 | D:3      | Noticed Sigmund
  2025 | D:3      | Slain by Sigmund

Illustrated notes

Levels and vault maps discovered:
D:1:      amcnicky_arrival_feature_with_door, layout_basic,
          shapermc_ecumenical_altar_gd
D:2:      layout_basic
D:3:      layout_rooms, mainiacjoe_overflow_boulevard,
          mainiacjoe_overflow_alcove_4, grunt_dithmenos_smoke, serial_shops,
          nicolae_shop_overgrown_old_shop, kennysheep_cluttered_room,
          uniq_sigmund

Skill      XL: |  1  2  3 |
---------------+----------+-----
Fighting       | 4 |  4.6
Long Blades    | 4 |  4.7
Maces & Flails | 1 |  1.9
Axes           | |  0.2
Armour         | |  2.8
Dodging        | |  2.6

Action                   |  1- 3 |  4- 6 || total
-------------------------+-------+-------++-------
Melee: Falchion          |    41 |       ||    41
       Headbutt          |     9 |       ||     9
       Eveningstar       |    21 |    13 ||    34
       Hand axe          |     8 |       ||     8
Armor: Robe              |    13 |       ||    13
       Animal skin       |     1 |       ||     1
       Chain mail        |    15 |    15 ||    30
Dodge: Dodged            |    46 |     6 ||    52
